 Seeded DCSS version 0.29.1-13-g9f3cf754e1 (webtiles) character file.

Game seed: 16245865983455551772 (custom seed)

452 rddays123 the Cleaver (level 7, -16/58 HPs)
             Began as a Hill Orc Fighter on Jan 20, 2023.
             Demolished by an ogre
             ... wielding a +0 giant club
              (30 damage)
             ... on level 4 of the Dungeon.
             The game lasted 00:04:43 (3637 turns).

rddays123 the Cleaver (Hill Orc Fighter)            Turns: 3637, Time: 00:04:43

Health: -16/58     AC:  9    Str: 21    XL:     7   Next: 5%
Magic:  7/7        EV:  8    Int:  8    God:
Gold:   784        SH:  8    Dex: 10    Spells: 6/6 levels left

rFire   . . .      SeeInvis .   n - +5 broad axe (freeze)
rCold   . . .      Faith    .   u - +0 kite shield
rNeg    . . .      Spirit   .   b - +0 scale mail
rPois   .          Reflect  .   (no helmet)
rElec   .          Harm     .   (no cloak)
rCorr   .          Rampage  .   (no gloves)
Will    .....                   q - +1 pair of boots
Stlth   ..........              (no amulet)
HPRegen 0.19/turn               (no ring)
MPRegen 0.10/turn               (no ring)

@: very slow
A: no striking features
a: no special abilities


You were on level 4 of the Dungeon.
You visited 1 branch of the dungeon, and saw 4 of its levels.

You collected 1019 gold pieces.
You spent 235 gold pieces at shops.

Inventory:

Hand Weapons
 a - a +0 war axe
 n - a +5 broad axe of freezing (weapon)
Armour
 b - a +0 scale mail (worn)
 c - a +0 buckler
 q - a +1 pair of boots (worn)
 u - a +0 kite shield (worn)
Jewellery
 e - the amulet of the Jackalope {Faith rElec}
   (You acquired it on level 2 of the Dungeon)

   [amulet of faith]

   It allows you to gain divine favour quickly.
   rElec:     It insulates you from electricity.
 h - a +6 ring of intelligence
 i - a +6 ring of intelligence
 s - an amulet of regeneration
Wands
 o - a wand of roots (4)
Scrolls
 g - 2 scrolls of teleportation {unknown}
 j - 5 scrolls of identify
 l - a scroll of summoning {unknown}
 m - a scroll of enchant weapon {unknown}
 p - a scroll of noise {unknown}
 r - a scroll of immolation {unknown}
 x - a scroll of silence {unknown}
Potions
 d - 2 potions of might
 f - 2 potions of flight {unknown}
 k - a potion of lignification {unknown}
 t - a potion of berserk rage {unknown}
 v - a potion of brilliance {unknown}
 w - a potion of heal wounds {unknown}


   Skills:
 - Level 3.7 Fighting
 + Level 9.4 Axes
 - Level 3.5 Armour
 - Level 3.5 Shields


You had 6 spell levels left.
You didn't know any spells.
Your spell library contained the following spells:

 Spells                   Type           Power      Damage    Failure   Level
 Sting                    Tmut/Pois      0%         1d3       98%         1
 Poisonous Vapours        Pois/Air       0%         N/A       99%         2
 Confusing Touch          Hex            0%         N/A       100%        3
 Olgreb's Toxic Radiance  Pois           0%         N/A       100%        4
 Yara's Violent Unravell  Hex/Tmut       0%         3d3       100%        5
 Enfeeble                 Hex            0%         N/A       100%        7
 Chain Lightning          Conj/Air       0%         N/A       100%        9
 Fire Storm               Conj/Fire      0%         5d1       100%        9
 Shatter                  Erth           0%         3d5*      100%        9


Dungeon Overview and Level Annotations

Branches:
Dungeon (4/15)
 Temple: D:4-7

Altars:
Cheibriados
Dithmenos
Makhleb

Shops:
D:3 [   D:4 *:[


Message History

An endoplasm comes into view.
The endoplasm quivers.
An endoplasm is nearby!
An endoplasm is nearby!
An endoplasm is nearby!
The endoplasm closely misses you.
You slice the endoplasm!! You freeze the endoplasm.
You kill the endoplasm!
No target in view!
No target in view!
An ogre comes into view. It is wielding a +0 giant club.
An ogre is nearby!
An ogre is nearby!
An ogre is nearby!
An ogre is nearby!
The ogre shouts!
You enter the shallow water.
Moving in this stuff is going to be slow.
You block the ogre's attack.
Your unstable footing causes you to fumble your attack.
The ogre hits you with a +0 giant club!
You barely miss the ogre.
The ogre hits you with a +0 giant club!!
You are too injured to fight recklessly!
You are too injured to fight recklessly!
You are too injured to fight recklessly!
You are too injured to fight recklessly!
You are too injured to fight recklessly!
An ogre is nearby!
You hit the ogre. You freeze the ogre.
The ogre is moderately wounded.
You completely miss the ogre.
The ogre is moderately wounded.
The ogre hits you with a +0 giant club!
* * * LOW HITPOINT WARNING * * *
You hit the ogre but do no damage.
The ogre is moderately wounded.
The ogre hits you with a +0 giant club!!
Ouch! That really hurt!
You die...

#### #...... ##≈#
#...... ###
#≈≈≈##...... #..
#≈≈≈≈##.####
#####..######≈≈≈≈##.#
.........~~~#≈~~≈##.#
~~~~~~~..~~~~≈~~≈##.#
≈~~.≈~~~~.~~≈~≈≈~.#.#
~~~≈~≈O@.~~~~≈~~....#
~.~~≈~≈~~~~~.~≈~..###
≈#.~....~..~~.~.#.#
#####............#
##############


You could see an ogre.

Vanquished Creatures
  A necrophage (D:4)
  A scorpion (D:4)
  An orc priest (D:3)
  An iron imp (D:4)
  Jessica (D:2)
  An iguana (D:4)
  2 orc wizards (D:3)
  Natasha (thrice) (D:3)
  A hound skeleton (D:4)
  2 adders
  5 orcs (D:3)
  6 ball pythons
  3 bats
  8 endoplasms
  A giant cockroach (D:4)
  5 goblins
  8 hobgoblins
  6 kobolds
  4 quokkas
  3 frilled lizards
  7 rats
70 creatures vanquished.

Vanquished Creatures (others)
  A plant (D:3)
1 creature vanquished.

Grand Total: 71 creatures vanquished

Notes
Turn   | Place    | Note
-------+----------+-------------------------------------------
     0 | D:1      | rddays123 the Hill Orc Fighter began the quest for the Orb.
     0 | D:1      | Reached XP level 1. HP: 19/19 MP: 1/1
   228 | D:1      | Reached XP level 2. HP: 18/27 MP: 2/2
   388 | D:1      | Found a faded altar of an unknown god.
   417 | D:1      | Reached skill level 3 in Axes
  1123 | D:1      | Reached XP level 3. HP: 33/33 MP: 3/3
  1282 | D:2      | Reached skill level 4 in Axes
  1571 | D:2      | Noticed Jessica
  1575 | D:2      | Killed Jessica
  1576 | D:2      | Reached skill level 5 in Axes
  1576 | D:2      | Reached XP level 4. HP: 37/40 MP: 4/4
  2114 | D:2      | Identified 3 scrolls of acquirement
  2114 | D:2      | Acquired a +5 broad axe of freezing
  2118 | D:2      | Acquired 823 gold pieces
  2122 | D:2      | Acquired the amulet of the Jackalope {Faith rElec}
  2371 | D:3      | Found Ymmy Ciutu's Antique Armour Shoppe.
  2379 | D:3      | Bought a pair of embroidered boots for 187 gold pieces
  2392 | D:3      | Reached skill level 6 in Axes
  2392 | D:3      | Reached XP level 5. HP: 46/46 MP: 5/5
  2596 | D:3      | Noticed Natasha
  2603 | D:3      | Killed Natasha
  2604 | D:3      | Reached skill level 7 in Axes
  2790 | D:3      | Noticed Natasha
  2796 | D:3      | Killed Natasha
  2797 | D:3      | Reached XP level 6. HP: 44/52 MP: 6/6
  2802 | D:3      | Noticed Natasha
  2806 | D:3      | Killed Natasha
  2875 | D:4      | Found Tuuwolaw's General Store.
  2885 | D:4      | Reached skill level 8 in Axes
  3053 | D:4      | Bought a scroll of identify for 24 gold pieces
  3053 | D:4      | Bought a scroll of identify for 24 gold pieces
  3131 | D:4      | Found a snail-covered altar of Cheibriados.
  3235 | D:4      | Found Gamycsypi's Antique Armour Boutique.
  3266 | D:4      | Found a burning altar of Makhleb.
  3272 | D:4      | Reached skill level 9 in Axes
  3359 | D:4      | Found a shadowy altar of Dithmenos.
  3473 | D:4      | Reached XP level 7. HP: 52/58 MP: 7/7
  3599 | D:4      | Found Koenoidu's Book Boutique.
  3637 | D:4      | Demolished by an ogre

Illustrated notes

Levels and vault maps discovered:
D:1:      minmay_arrival_hallway, layout_loops_corners, basic_ecumenical_altar,
          minmay_unequal
D:2:      layout_loops_ring, uniq_jessica
D:3:      layout_basic, serial_shops, nicolae_shop_advertising_works
          [nicolae_subvault_shop_adworks], minmay_shallow_snake_nest,
          uniq_natasha
D:4:      layout_rooms, grunt_dithmenos_smoke_and_mirrors,
          makhleb_blood_cavern_becter, slow_altar_1, serial_shops,
          nicolae_square_shop, nicolae_shop_temple_entry_statues_fountains,
          kennysheep_mini_moat, chequers_serial_rivers_large_a,
          minmay_fractal_squares_gapless_5

Skill      XL: |  1  2  3  4  5  6 |
---------------+-------------------+-----
Axes           | 3 5 6 7 9 |  9.4
Fighting       | |  3.7
Armour         | |  3.5
Shields        | |  3.5

Action                   |  1- 3 |  4- 6 |  7- 9 || total
-------------------------+-------+-------+-------++-------
Melee: War axe           |    86 |     3 |       ||    89
       Broad axe         |       |    78 |     9 ||    87
  Use: Scroll            |       |     3 |       ||     3
Armor: Scale mail        |    49 |    29 |       ||    78
Dodge: Dodged            |    37 |    29 |     1 ||    67
Block: Buckler           |    23 |     8 |       ||    31
       Kite shield       |       |     3 |     1 ||     4
